 Dungeon Crawl Stone Soup version 0.21.0-3-g78d12a8 (webtiles) character file.

2447 theanonym the Cleaver (level 9, -14/74 HPs)
             Began as a Mummy Wanderer on Jan 9, 2018.
             Demolished by an orc warrior
             ... wielding a +0 battleaxe
              (22 damage)
             ... on level 7 of the Dungeon.
             The game lasted 00:23:26 (12397 turns).

theanonym the Cleaver (Mummy Wanderer)             Turns: 12397, Time: 00:23:27

Health: -14/74     AC:  9    Str: 19    XL:     9   Next: 25%
Magic:  20/20      EV:  7    Int: 13    God:
Gold:   219        SH:  0    Dex:  6    Spells: 10/10 levels left

rFire    + . .     SeeInvis +   a - +0 war axe
rCold    + . .     Gourm    .   (no shield)
rNeg     + + +     Faith    .   l - +0 chain mail
rPois    ∞         Spirit   .   h - +0 helmet
rElec    .         Reflect  .   m - scarf {cloud immunity}
rCorr    .         Harm     .   (no gloves)
MR       +....                  (no boots)
Stlth    ..........             (no amulet)
HPRegen  0.22/turn              j - ring "Wiwups" {+Fly rF++ MP+9 Dex-3 SInv}
MPRegen  0.17/turn              (no ring)

@: no status effects
A: no food or potions, fire vulnerability, cold resistance 1, negative energy
resistance 3, torment resistance, unbreathing
a: Evoke Flight


Innate Abilities, Weirdness & Mutations

You do not eat or drink.
Your flesh is vulnerable to fire.
You are immune to poison.
Your flesh is cold resistant. (rC+)
You are immune to negative energy. (rN+++)
You are immune to unholy pain and torment.
You can survive without breathing.


   Skills:
 + Level 7.9 Fighting
 * Level 8.0(8.2) Axes
 - Level 2.4(5.6) Polearms
 - Level 1.0 Dodging
 - Level 1.5 Stealth
 - Level 1.3 Spellcasting
   Level 1.5 Summonings
 - Level 1.0 Evocations


You had 10 spell levels left.
You didn't know any spells.

Skill      XL: |  1  2  3  4  5  6  7  8  9 |
---------------+----------------------------+-----
Fighting       | 1 2 3 4 5 6 7 |  7.9
Axes           | 1 2 4 5 7 8 |  8.0
Polearms       | |  2.4
Dodging        | |  1.0
Stealth        | |  1.5
Spellcasting   | |  1.3
Summonings     | |  1.5
Evocations     | |  1.0

Action                   |  1- 3 |  4- 6 |  7- 9 || total
-------------------------+-------+-------+-------++-------
Melee: Spear             |   141 |   203 |       ||   344
       War axe           |       |    67 |   393 ||   460
Evoke: Wand              |       |     3 |    14 ||    17
  Use: Scroll            |       |     3 |     6 ||     9
 Stab: Sleeping          |     3 |     1 |       ||     4
Armor: Robe              |    23 |       |       ||    23
       Leather armour    |       |    10 |       ||    10
       Ring mail         |       |    74 |    76 ||   150
       Chain mail        |       |       |    86 ||    86
Dodge: Dodged            |    73 |   122 |   184 ||   379

Inventory:

Hand Weapons
 a - a +0 war axe (weapon)
   (You took it off an orc on level 3 of the Dungeon)
 b - a +1 hand axe of flaming
   (You took it off a big kobold on level 7 of the Dungeon)
 o - a +2 spear
 p - a +0 hunting sling
   (You found it on level 1 of the Dungeon)
Missiles
 g - 170 stones (quivered)
 k - 24 sling bullets
Armour
 h - a +0 helmet (worn)
   (You found it on level 1 of the Dungeon)
 l - a +0 chain mail (worn)
   (You took it off an orc priest on level 7 of the Dungeon)
 m - a scarf of cloud immunity (worn)
   (You found it on level 3 of the Dungeon)
 n - a +0 ring mail {7}
   (You took it off a hobgoblin on level 3 of the Dungeon)
Jewellery
 j - the ring "Wiwups" (left hand) {+Fly rF++ MP+9 Dex-3 SInv}
   (You found it on level 4 of the Dungeon)

   [ring of see invisible]

   It affects your dexterity (-3).
   It greatly protects you from fire.
   It affects your magic capacity (+9).
   It lets you see invisible.
   It lets you fly.
Wands
 i - a wand of iceblast (10)
   (You found it on level 7 of the Dungeon)
Scrolls
 c - 2 scrolls of enchant armour {unknown}
 d - 2 scrolls of remove curse
 e - 3 scrolls of amnesia
 f - a scroll of fog
 r - a scroll of identify
 t - a scroll of teleportation {!r}


You were on level 7 of the Dungeon.
You were not hungry.

You visited 2 branches of the dungeon, and saw 9 of its levels.

You collected 338 gold pieces.
You spent 119 gold pieces at shops.

Dungeon Overview and Level Annotations

Branches:
Dungeon (8/15)             Temple (1/1) D:5
   Lair: D:8-11

Altars:
Ashenzari
Cheibriados
Dithmenos
Elyvilon
Fedhas
Hepliaklqana
Kikubaaqudgha
Makhleb
Okawaru
Qazlal
Ru
Sif Muna
Trog
Uskayaw
Vehumet
Wu Jian
Xom
Yredelemnul
Zin
The Shining One

Shops:
D:5 %   D:6 ?

Annotations:
D:5 Dowan, Duvessa

##.##.##..# #......
#.##..#.### #.#..#.
#.###.....# ##.#..##
#.# ##..#.###
###..#..## #.#
#.|#...######...#..###
#.#
##........##..###<.# #
#.#
####..##.##.###...###
#.#
####..#...........##
#.#
#..@#...#.###.#...##
#.##
###o.##.#.##..#.#.##
#..#
##..#...#..##.#..#
##.# ##.#####.##..##.#
#.# #.#####.##.##...
#.## #..)>?..##.##...
#..# ######.....##...
#####.####
#...##..##...
#....†...#
#.####.......


You could see an orc warrior.

Notes
Turn   | Place    | Note
-------+----------+-------------------------------------------
     0 | D:1      | theanonym the Mummy Wanderer began the quest for the Orb.
     0 | D:1      | theanonym set off with: a +2 spear, a +0 robe {0}, a +0 dagger, 2 scrolls of teleportation {!r}
     0 | D:1      | Reached XP level 1. HP: 13/13 MP: 2/2
    86 | D:1      | Reached skill level 1 in Fighting
   130 | D:1      | Reached XP level 2. HP: 19/22 MP: 4/4
   333 | D:1      | Reached skill level 2 in Fighting
  1029 | D:2      | Reached XP level 3. HP: 28/28 MP: 5/5
  1203 | D:2      | Reached skill level 3 in Fighting
  1599 | D:2      | HP: 12/29 [adder (5)]
  1601 | D:2      | Reached XP level 4. HP: 15/37 MP: 6/6
  1831 | D:2      | Found a basalt altar of Yredelemnul.
  2623 | D:3      | HP: 17/37 [centaur skeleton (7)]
  2625 | D:3      | Reached skill level 4 in Fighting
  2625 | D:3      | Reached skill level 1 in Axes
  2868 | D:3      | Found a stormy altar of Qazlal.
  3104 | D:3      | Noticed a water elemental
  3105 | D:3      | Noticed an earth elemental
  3105 | D:3      | Noticed a fire elemental
  3105 | D:3      | Noticed an air elemental
  3161 | D:3      | Reached XP level 5. HP: 42/42 MP: 7/7
  3741 | D:3      | HP: 18/43 [something/puff of frost (4)]
  3994 | D:3      | Reached skill level 2 in Axes
  4054 | D:4      | HP: 21/43 [worker ant (6)]
  4055 | D:4      | HP: 10/43 [orc/short sword (2)]
  4354 | D:3      | HP: 20/43 [gnoll (7)]
  4356 | D:3      | Reached XP level 6. HP: 23/49 MP: 8/8
  4660 | D:4      | Found a hide-covered altar of Uskayaw.
  4723 | D:4      | Reached skill level 3 in Axes
  4882 | D:4      | Reached skill level 5 in Fighting
  4994 | D:4      | Found an iron altar of Okawaru.
  5100 | D:4      | Found a glowing golden altar of the Shining One.
  5312 | D:4      | HP: 21/51 [orc wizard/puff of flame (7)]
  5325 | D:3      | HP: 18/51 [phantom (5)]
  5331 | D:3      | HP: 11/51 [phantom (6)]
  5332 | D:3      | Reached skill level 4 in Axes
  5332 | D:3      | Reached XP level 7. HP: 8/56 MP: 9/9
  5994 | D:4      | Got a crude amber ring
  5998 | D:4      | Identified the ring "Wiwups" {+Fly rF++ MP+9 Dex-3 SInv} (You found it on level 4 of the Dungeon)
  6095 | D:5      | Entered Level 5 of the Dungeon
  6707 | D:5      | Found Guerrulysch's Food Boutique.
  6715 | D:5      | HP: 10/57 [ogre/giant club (29)]
  6716 | D:5      | Reached skill level 6 in Fighting
  6716 | D:5      | Reached skill level 5 in Axes
  7316 | D:5      | Found a blossoming altar of Fedhas.
  7364 | D:5      | Noticed Sigmund
  7367 | D:5      | Killed Sigmund
  7367 | D:5      | Reached XP level 8. HP: 58/65 MP: 10/10
  7368 | D:5      | Noticed Dowan
  7369 | D:5      | Noticed Duvessa
  7649 | D:5      | Noticed Eustachio
  7694 | D:6      | Reached skill level 6 in Axes
  7844 | D:6      | HP: 25/65 [orc priest/divine providence (12)]
  8306 | D:6      | Found a blossoming altar of Fedhas.
  8308 | D:6      | Found a shimmering altar of Xom.
  8308 | D:6      | Found a basalt altar of Yredelemnul.
  8310 | D:6      | Found a stormy altar of Qazlal.
  8310 | D:6      | Found an iron altar of Okawaru.
  8310 | D:6      | Found a burning altar of Makhleb.
  8421 | D:6      | Found Ysushuus's Magic Scroll Boutique.
  8430 | D:6      | Bought a scroll of teleportation for 42 gold pieces
  8430 | D:6      | Bought a scroll of fog for 28 gold pieces
  8430 | D:6      | Bought a scroll of fear for 49 gold pieces
  9099 | D:6      | Found a burning altar of Makhleb.
  9099 | D:6      | Found a hazy altar of Hepliaklqana.
  9099 | D:6      | Found a glowing silver altar of Zin.
  9099 | D:6      | Found a blossoming altar of Fedhas.
  9102 | D:6      | Found a shattered altar of Ashenzari.
  9103 | D:6      | Found a shadowy altar of Dithmenos.
  9144 | D:7      | HP: 29/65 [bullfrog (6)]
  9149 | D:7      | HP: 19/65 [bullfrog (1)]
  9152 | D:7      | Reached skill level 7 in Fighting
  9561 | D:7      | HP: 27/67 [orc priest/divine providence (11)]
  9666 | D:7      | Reached skill level 7 in Axes
 10173 | D:5      | Found a staircase to the Ecumenical Temple.
 10182 | Temple   | Entered the Ecumenical Temple
 10385 | D:5      | Noticed Eustachio
 10385 | D:5      | Eustachio changed into Eustachio the crocodile
 10395 | D:5      | HP: 31/67 [Eustachio the crocodile (4)]
 10410 | D:5      | HP: 20/67 [Eustachio the crocodile (6)]
 10414 | D:5      | HP: 4/67 [Eustachio the crocodile (12)]
 10730 | D:5      | Noticed Eustachio
 10730 | D:5      | Eustachio the crocodile changed into Eustachio the black bear
 10731 | D:5      | Noticed Eustachio
 10731 | D:5      | Eustachio the black bear changed into Eustachio the harpy
 10737 | D:5      | Noticed Eustachio
 10737 | D:5      | Eustachio the harpy changed into Eustachio the eye of draining
 10748 | D:5      | Killed Eustachio the eye of draining
 10920 | D:7      | HP: 28/67 [orc warrior/long sword of holy wrath (7)]
 10921 | D:7      | HP: 13/67 [orc warrior/long sword of holy wrath (1)]
 10979 | D:7      | HP: 19/67 [orc warrior/long sword of holy wrath (6)]
 11309 | D:8      | HP: 32/67 [orc priest/divine providence (11)]
 11320 | D:7      | Reached XP level 9. HP: 37/72 MP: 11/11
 12042 | D:8      | HP: 28/73 [yak (12)]
 12351 | D:7      | Reached skill level 8 in Axes
 12383 | D:8      | HP: 36/74 [orc warrior/battleaxe (9)]
 12388 | D:7      | HP: 17/74 [orc warrior/battleaxe (11)]
 12389 | D:7      | HP: 6/74 [orc warrior/battleaxe (11)]
 12397 | D:7      | Demolished by an orc warrior

Vanquished Creatures
  Sigmund (D:5)
  A yak (D:8)
  A phantom (D:3)
  An eye of draining (D:5)
  2 ogres
  2 centaurs
  3 big kobolds (D:7)
  5 bullfrogs
  A scorpion (D:4)
  A crimson imp (D:5)
  2 centaur zombies (D:6)
  A jelly (D:6)
  3 hounds
  5 orc wizards
  A bullfrog skeleton (D:5)
  2 orc priests
  2 centaur skeletons
  3 iguanas
  7 worker ants
  2 worker ant zombies
  8 gnolls
  10 adders
  2 shadow imps
  An adder skeleton (D:5)
  2 worms (D:2)
  3 dart slugs
  3 leopard geckos
  13 orcs
  10 giant cockroaches
  9 goblins
  11 hobgoblins
  8 jackals
  6 quokkas
  5 bats
  5 frilled lizards
  8 kobolds
  A quokka zombie (D:7)
  5 rats
156 creatures vanquished.

Table legend:
 A = Turns spent in this place as a percentage of turns spent in the entire game.
 B = Non-inter-level travel turns spent in this place as a percentage of non-inter-level travel turns spent in the entire game.
 C = Inter-level travel turns spent in this place as a percentage of turns spent in this place.
 D = Turns resting spent in this place as a percentage of non-inter-level travel turns spent in this place.
 E = Turns spent auto-exploring this place as a percentage of non-inter-level travel turns spent in this place.
 F = Non-inter-level travel turns spent in this place divided by the number of levels of this place that you've seen.
                   A       B       C       D       E      F
               +-------+-------+-------+-------+-------+----------------------
         Total | 100.0 | 100.0 |   4.3 |  49.1 |  35.8 | 1318.4
       Dungeon |  99.0 |  99.2 |   4.2 |  49.5 |  35.3 | 1470.9
        Temple |   1.0 |   0.8 |  17.5 |   0.0 |  91.9 |  99.0
               +-------+-------+-------+-------+-------+----------------------
